 Dungeon Crawl Stone Soup version 0.30-a0-439-g9e77e4d916 (webtiles) character file.

Game seed: 1080632299366920374

44 bande the Trooper (level 3, -1/24 HPs)
             Began as a Gargoyle Fighter on Dec 10, 2022.
             Slain by a goblin
             ... wielding a +0 club
             ... led by Robin
              (5 damage)
             ... on level 2 of the Dungeon.
             The game lasted 00:02:00 (715 turns).

bande the Trooper (Gargoyle Fighter)                 Turns: 715, Time: 00:02:01

Health: -1/24      AC: 12    Str: 19    XL:     3   Next: 60%
Magic:  3/3        EV:  9    Int:  8    God:
Gold:   48         SH:  4    Dex: 11    Spells: 2/2 levels left

rFire   . . .      SeeInvis .    a - +0 war axe
rCold   . . .      Faith    .    c - +0 buckler
rNeg    + . .      Spirit   .    b - +0 scale mail
rPois   ∞          Reflect  .    (no helmet)
rElec   +          Harm     .    (no cloak)
rCorr   .          Rampage  .    l - +1 pair of gloves
Will    .....                    (no boots)
Stlth   ..........               (no amulet)
HPRegen 0.24/turn                (no ring)
MPRegen 0.08/turn                (no ring)

@: no status effects
A: sickness immunity, AC +3, negative energy resistance 1, electricity
resistance, torment resistance 1, petrification resistance
a: no special abilities


You were on level 2 of the Dungeon.
You visited 1 branch of the dungeon, and saw 2 of its levels.

You collected 48 gold pieces.

Inventory:

Hand Weapons
 a - a +0 war axe (weapon)
Armour
 b - a +0 scale mail (worn)
 c - a +0 buckler (worn)
 l - a +1 pair of gloves (worn)
Potions
 d - a potion of might
 f - a potion of resistance {unknown}
 k - a potion of ambrosia {unknown}


   Skills:
 + Level 3.9 Fighting
 + Level 2.3 Axes
 + Level 3.7 Armour
 - Level 0.8 Stealth
 + Level 3.5 Shields


You had 2 spell levels left.
You didn't know any spells.
Your spell library contained the following spells:

 Spells                   Type           Power      Damage    Failure   Level
 Sandblast                Erth           0%         2d4       86%         1
 Passwall                 Tmut/Erth      0%         N/A       94%         2
 Stone Arrow              Conj/Erth      0%         3d7       99%         3


Dungeon Overview and Level Annotations

Branches:
Dungeon (2/15)

Altars:

Annotations:
D:2 Robin


Innate Abilities, Weirdness & Mutations

You are immune to sickness and miasma.
Your stone body is resilient. (AC +3)
You are immune to poison.
You resist negative energy. (rN+)
You are resistant to electric shocks. (rElec)
You are resistant to unholy torment.
You are immune to petrification.


Message History

The goblin hits you with a +0 dagger. You block the goblin's attack.
Unknown command.
You slash the goblin!
You kill the goblin!
You closely miss the goblin. The goblin barely misses you.
You hit the goblin.
The goblin is moderately wounded.
You completely miss the goblin. The goblin barely misses you.
The goblin hits you but does no damage.
Unknown command.
You barely miss the goblin.
The goblin is moderately wounded.
You slash the goblin!
You kill the goblin!
Robin says, "A pitiful Gargoyle like you will never find the ORB!"
Robin throws the goblin at you! The goblin hits you but does no damage.
You block the goblin's attack. The goblin hits you but does no damage.
The goblin hits you with a +0 club.
You barely miss the goblin.
The goblin is moderately wounded.
You barely miss the goblin.
The hobgoblin no longer looks unusually strong.
The goblin hits you but does no damage. The goblin hits you with a +0 club.
Unknown command.
You hit the goblin.
You kill the goblin!
You completely miss the goblin.
The hobgoblin no longer looks unusually strong.
The goblin hits you with a +0 club.
* * * LOW HITPOINT WARNING * * *
The goblin completely misses you.
Robin roars a battlecry!
The hobgoblins go into a battle-frenzy!
You block the hobgoblin's attack.
You hit the hobgoblin.
The hobgoblin is severely wounded.
You closely miss the goblin. The hobgoblin hits you.
* * * LOW HITPOINT WARNING * * *
The goblin hits you with a +0 club.
You die...

#.#...#.###..#.#
..............#.#
##.#..........#..
#.#..##......... .
#.....###..### #
##.#### ..# #.# .#
##.w#######.# #
...g.gg@g...#
.#..######.........
#.#######. #.# #..
#.. #..# ..).


You could see a worm, Robin, 2 hobgoblins and a goblin (strong).

Vanquished Creatures
  A worm (D:2)
  A dart slug (D:1)
  4 bats
  2 endoplasms
  2 giant cockroaches
  2 hobgoblins (D:1)
  2 kobolds
  A quokka (D:1)
  2 ball pythons (D:1)
  A frilled lizard (D:1)
  15 goblins
  2 rats (D:1)
35 creatures vanquished.

Notes
Turn   | Place    | Note
-------+----------+-------------------------------------------
     0 | D:1      | bande the Gargoyle Fighter began the quest for the Orb.
     0 | D:1      | Reached XP level 1. HP: 14/14 MP: 1/1
    99 | D:1      | Reached XP level 2. HP: 19/19 MP: 2/2
   581 | D:2      | Reached XP level 3. HP: 19/24 MP: 3/3
   701 | D:2      | Noticed Robin
   715 | D:2      | Slain by a goblin

Illustrated notes

Levels and vault maps discovered:
D:1:      dpeg_arrival_central, layout_rooms, minmay_statues_item
D:2:      layout_loops_ring, basic_altar, kennysheep_generic_room_12, uniq_robin

Skill      XL: |  1  2 |
---------------+-------+-----
Axes           | 2 |  2.3
Fighting       | |  3.9
Armour         | |  3.7
Stealth        | |  0.8
Shields        | |  3.5

Action                   || total
-------------------------++-------
Melee: War axe           ||    75
  Use: Scroll            ||     4
Armor: Scale mail        ||    48
Dodge: Dodged            ||    41
Block: Buckler           ||    17

Table legend: (Time is in decaauts)
 A = Elapsed time spent in this place.
 B = Non-inter-level travel time spent in this place.
 C = Inter-level travel time spent in this place.
 D = Time resting spent in this place.
 E = Time spent auto-exploring this place.
 F = Levels seen in this place.
 G = Mean time per level.
                   A        B        C        D        E       F      G
               +--------+--------+--------+--------+--------+-----+--------+
         Total |    747 |    708 |     39 |      0 |    516 |   2 |  373.5 |
       Dungeon |    747 |    708 |     39 |      0 |    516 |   2 |  373.5 |
               +--------+--------+--------+--------+--------+-----+--------+

Top non-repeatable levels by time:
     D:1: 597 daAuts
     D:2: 150 daAuts
